 Dungeon Crawl Stone Soup version 0.30-b1-2-g02819fbbbe (webtiles) character file.

Game seed: 15230728242816475783

2303 Alarkh the Skirmisher (level 9, -5/72 HPs)
             Began as a Demonspawn Hunter on July 11, 2023.
             Was a Follower of Uskayaw.
             Slain by Erica
             ... wielding a +3 scimitar of flaming
              (8 damage)
             ... on level 6 of the Dungeon.
             The game lasted 00:08:50 (7515 turns).

Alarkh the Skirmisher (Demonspawn Hunter)           Turns: 7515, Time: 00:08:51

Health: -5/72      AC:  5    Str: 11    XL:     9   Next: 18%
Magic:  11/11      EV: 12    Int: 15    God:    Uskayaw [*.....]
Gold:   274        SH:  0    Dex: 17    Spells: 8/8 levels left

rFire   + . .        b - +1 sling (freeze)
rCold   . . .        (no shield)
rNeg    . . .        c - +0 leather armour
rPois   +            (no helmet)
rElec   .            g - +0 cloak
rCorr   .            (no gloves)
SInv    .            t - +0 pair of boots
Will    +....        H - amulet of magic regeneration
Stlth   ++           q - ring of willpower
HPRegen 0.32/turn    u - ring of protection from fire
MPRegen 0.52/turn

%: no passive effects
@: slowed, very slow
A: weakness stinger 2, hooves 1, poison resistance
a: Renounce Religion, Stomp


You were on level 6 of the Dungeon.
You worshipped Uskayaw.
Uskayaw was noncommittal.
You visited 2 branches of the dungeon, and saw 9 of its levels.

You collected 395 gold pieces.
You spent 121 gold pieces at shops.

Inventory:

Hand Weapons
 a - a +2 morningstar of venom
 b - a +1 sling of freezing (weapon)
 F - a +0 shortbow
Missiles
 C - 3 throwing nets
Armour
 c - a +0 leather armour (worn)
 g - a +0 cloak (worn)
 t - a +0 pair of boots (worn)
 x - a +0 helmet
Magical Staves
 j - a staff of fire
 r - a staff of poison
Jewellery
 q - a ring of willpower (left hand)
 u - a ring of protection from fire (right hand)
 H - an amulet of magic regeneration (around neck)
 J - an amulet of regeneration
Wands
 A - a wand of flame (27)
 E - a wand of roots (18)
 G - a wand of polymorph (12)
Scrolls
 d - a scroll of fear {unknown}
 f - a scroll of enchant armour {unknown}
 p - a scroll of immolation
 s - a scroll of magic mapping
 w - a scroll of blinking {unknown}
 y - a scroll of vulnerability {unknown}
 B - a scroll of silence {unknown}
 D - a scroll of brand weapon {unknown}
 I - a scroll of fog {unknown}
Potions
 e - 2 potions of heal wounds
 h - 2 potions of curing
 i - a potion of ambrosia
 k - a potion of cancellation
 l - 2 potions of attraction
 m - a potion of mutation
 n - 2 potions of magic
 o - a potion of lignification {unknown}
 v - 2 potions of flight
 z - a potion of brilliance {unknown}


   Skills:
 + Level 7.2 Fighting
 * Level 9.8 Ranged Weapons
 - Level 1.7 Dodging
 - Level 0.8 Stealth
 + Level 2.7 Invocations


You had 8 spell levels left.
You didn't know any spells.
Your spell library contained the following spells:

 Spells                   Type           Power      Damage    Failure   Level
 Shock                    Conj/Air       0%         1d3       34%         1
 Summon Small Mammal      Summ           0%         N/A       34%         1
 Lesser Beckoning         Tloc           0%         N/A       47%         2
 Sublimation of Blood     Necr           0%         N/A       47%         2
 Call Canine Familiar     Summ           0%         N/A       71%         3
 Dazzling Flash           Conj/Hex       0%         N/A       71%         3
 Frozen Ramparts          Ice            0%         1d1       71%         3
 Gell's Gravitas          Tloc           0%         N/A       71%         3
 Summon Guardian Golem    Hex/Summ       0%         N/A       71%         3
 Swiftness                Air            0%         N/A       71%         3
 Teleport Other           Tloc           0%         N/A       71%         3
 Volatile Blastmotes      Fire/Tloc      0%         2d10      71%         3
 Airstrike                Air            0%         2d(0-16)  98%         4
 Ice Form                 Ice/Tmut       0%         N/A       98%         4
 Iskenderun's Mystic Bla  Conj/Tloc      0%         2d3       98%         4
 Petrify                  Tmut/Erth      0%         N/A       98%         4
 Summon Ice Beast         Ice/Summ       0%         N/A       98%         4
 Irradiate                Conj/Tmut      0%         3d11      100%        5
 Starburst                Conj/Fire      0%         6d3       100%        6


Dungeon Overview and Level Annotations

Branches:
Dungeon (8/15)             Temple (1/1) D:6
   Lair: D:8-11

Altars:
Ashenzari
Cheibriados
Dithmenos
Fedhas
Gozag
Hepliaklqana
Kikubaaqudgha
Makhleb
Nemelex Xobeh
Okawaru
Qazlal
Ru
Trog
Uskayaw
Vehumet
Wu Jian
Xom
Yredelemnul

Shops:
D:3 *

Annotations:
D:8 Amaemon, Erica


Innate Abilities, Weirdness & Mutations

You have a tail ending in a sharp stinger.
You have large cloven feet.
Your system is resistant to poisons. (rPois)


Message History

a +1 short sword of flaming; 2 stones You bump into the rock wall.
Items here: ( ))).
Things that are here:
a +1 short sword of flaming; 2 stones You feel less confused.
Erica hits you with a +3 scimitar of flaming!
Erica burns you. Erica attacks as you move away! Erica barely misses you.
Okay, then.
It was a potion of curing.
You feel better. Erica casts a spell at you.
You feel yourself slow down.
Erica gestures wildly while chanting.
Erica flickers and vanishes!
Deactivating autopickup; reactivate with Ctrl-A.
Something hits you! Something burns you. Something hits you!
There is a stone staircase leading up, spattered with blood here.
You hear some strange, mumbled words.
A bolt of poison appears from out of thin air!
The bolt of poison hits you. You resist.
You climb upwards.
Reactivating autopickup.
There is a stone staircase leading down here.
Something hits you!
Deactivating autopickup; reactivate with Ctrl-A.
Something hits you!
* * * LOW HITPOINT WARNING * * *
Something hits you.
* * * LOW HITPOINT WARNING * * *
There is a stone staircase leading up, spattered with blood here.
Something hits you!
* * * LOW HITPOINT WARNING * * *
Something burns you.
* * * LOW HITPOINT WARNING * * *
You climb upwards.
Reactivating autopickup.
There is a stone staircase leading down here.
You start resting.
Something hits you!
You die...

##...............####....#.
#...#..............##.##.'.
#..####...........<.#.##.#.
#)## #...............##.#.
#)# #................#.#.
#)# #...#..............#.
#.# ##.................#.
#.# #.................#.
#.# #..@..............##
#.# #...................
#.# #...................
##.# ##..................
##.## ##......>..........
##.## #................#
#.## ##..............## ###
##............##
####............##


There were no monsters in sight!

Vanquished Creatures
  A wyvern (D:8)
  Eustachio (D:4)
  Menkaure (D:4)
  A water moccasin (D:7)
  An orc warrior (D:7)
  4 sky beasts
  A centaur (D:7)
  A kobold brigand (D:8)
  4 bullfrogs
  A scorpion (D:5)
  A gnoll sergeant (D:7)
  2 howler monkeys (D:6)
  A hound (D:3)
  3 orc priests (D:7)
  A gnoll bouda (D:6)
  2 iguanas
  2 orc wizards
  A sleepcap (D:7)
  Robin (D:4)
  17 gnolls
  10 adders
  3 shadow imps
  A white imp (D:7)
  An ufetubus (D:4)
  2 dart slugs (D:1)
  26 orcs
  6 bats
  6 endoplasms
  5 giant cockroaches
  16 goblins
  10 hobgoblins
  12 kobolds
  2 quokkas (D:3)
  8 ball pythons
  6 frilled lizards
  3 rats
164 creatures vanquished.

Notes
Turn   | Place    | Note
-------+----------+-------------------------------------------
     0 | D:1      | Alarkh the Demonspawn Hunter began the quest for the Orb.
     0 | D:1      | Reached XP level 1. HP: 16/16 MP: 1/1
    86 | D:1      | Gained mutation: You have a small tail. [demonic ancestry]
    86 | D:1      | Reached XP level 2. HP: 22/22 MP: 2/2
    94 | D:1      | Reached skill level 4 in Ranged Weapons
   178 | D:1      | Found a faded altar of an unknown god.
   199 | D:1      | Reached XP level 3. HP: 28/28 MP: 3/3
   825 | D:2      | Reached XP level 4. HP: 34/34 MP: 4/4
   855 | D:2      | Gained mutation: You passively dampen the noise of your
                  | surroundings. [potion of mutation]
   855 | D:2      | Gained mutation: You have a pair of small horns on your
                  | head. [potion of mutation]
  1148 | D:2      | You fall into a shaft and drop 1 floor!
  1321 | D:3      | Reached skill level 5 in Ranged Weapons
  1391 | D:3      | Found Nunkem's Assorted Antiques.
  1413 | D:3      | Bought a glowing sling for 121 gold pieces
  1658 | D:3      | Reached XP level 5. HP: 41/41 MP: 5/5
  2312 | D:4      | Found a shimmering altar of Xom.
  2369 | D:4      | Noticed Menkaure
  2375 | D:4      | Killed Menkaure
  2376 | D:4      | Reached XP level 6. HP: 48/48 MP: 6/6
  2651 | D:4      | Noticed Eustachio
  2798 | D:4      | Killed Eustachio
  2799 | D:4      | Reached skill level 6 in Ranged Weapons
  3107 | D:4      | Noticed Robin
  3138 | D:4      | Killed Robin
  3285 | D:4      | Found an ancient bone altar of Kikubaaqudgha.
  3448 | D:4      | Lost mutation: You have a pair of small horns on your head.
                  | [potion of mutation]
  3448 | D:4      | Lost mutation: You passively dampen the noise of your
                  | surroundings. [potion of mutation]
  3448 | D:4      | Gained mutation: Your system is resistant to poisons.
                  | (rPois) [potion of mutation]
  3448 | D:4      | Gained mutation: You have large cloven feet. [potion of
                  | mutation]
  3463 | D:5      | Entered Level 5 of the Dungeon
  3516 | D:5      | Reached XP level 7. HP: 49/55 MP: 7/7
  4075 | D:6      | Reached skill level 5 in Fighting
  4075 | D:6      | Reached skill level 7 in Ranged Weapons
  4489 | D:6      | Found a staircase to the Ecumenical Temple.
  4551 | Temple   | Entered the Ecumenical Temple
  4745 | Temple   | Became a worshipper of Uskayaw the Reveller
  4921 | D:6      | Reached * piety under Uskayaw
  5097 | D:6      | Reached ** piety under Uskayaw
  5290 | D:6      | Reached *** piety under Uskayaw
  5298 | D:6      | Gained mutation: You have a tail ending in a sharp stinger.
                  | [demonic ancestry]
  5298 | D:6      | Reached XP level 8. HP: 55/63 MP: 8/8
  5397 | D:7      | Reached skill level 8 in Ranged Weapons
  6045 | D:7      | Reached skill level 9 in Ranged Weapons
  6395 | D:7      | Reached **** piety under Uskayaw
  6559 | D:7      | Reached skill level 1 in Invocations
  6810 | D:8      | Reached XP level 9. HP: 15/72 MP: 8/10
  7233 | D:8      | Noticed Amaemon
  7410 | D:8      | Found a blossoming altar of Fedhas.
  7456 | D:8      | Noticed Erica
  7513 | D:7      | HP: 2/72 [something (2)]
  7515 | D:6      | Slain by Erica

Illustrated notes

Levels and vault maps discovered:
D:1:      dpeg_arrival_leaves_temple_mockup, layout_rooms,
          chequers_ecumenical_altar_simple_redux
D:2:      minmay_skewed_foursquare, layout_loops_ring
D:3:      layout_loops_ring, serial_shops, nicolae_shop_statue_plus,
          minmay_ruptured
D:4:      layout_gridville, mainiacjoe_overflow_big_doors, uniq_robin,
          uniq_menkaure, uniq_eustachio
D:5:      layout_rooms
D:6:      layout_layer_cave, mainiacjoe_overflow_catwalk,
          minmay_temple_entry_antechambers, hangedman_decor_lopped, minivault_25
D:7:      layout_rooms, minmay_misc_feat_tiny, small_statue_intersection
D:8:      layout_loops_corners, overflow_temple_1_default, minivault_24,
          uniq_amaemon, uniq_erica
Temple:   nicolae_temple_slightly_damp_pantheon

Skill      XL: |  1  2  3  4  5  6  7  8  9 |
---------------+----------------------------+-----
Ranged Weapons | 4 5 6 7 9 |  9.8
Fighting       | 3 4 5 7 |  7.2
Invocations    | 1 2 |  2.7
Dodging        | |  1.7
Stealth        | |  0.8

Action                     |  1- 3 |  4- 6 |  7- 9 || total
---------------------------+-------+-------+-------++-------
  Melee: Morningstar       |       |       |    34 ||    34
         Tailslap          |       |       |     7 ||     7
   Fire: Shortbow          |    73 |    57 |       ||   130
         Sling             |       |   168 |   281 ||   449
    Use: Potion            |     1 |     4 |     2 ||     7
         Scroll            |       |     3 |     3 ||     6
 Armour: Leather armour    |     7 |    35 |    45 ||    87
  Dodge: Dodged            |    16 |    69 |    75 ||   160
